 Dungeon Crawl Stone Soup version 0.21.0-25-ge575cb9 (webtiles) character file.

116977 Moloch the Fencer (level 16, -3/138 HPs)
             Began as a Mummy Fighter on Jan 23, 2018.
             Was the Champion of Okawaru.
             Slain by a spriggan defender
             ... wielding a +1 demon whip of electrocution
             ... led by the Enchantress
              (7 damage)
             ... on level 15 of the Dungeon.
             The game lasted 01:15:45 (35618 turns).

Moloch the Fencer (Mummy Fighter)                  Turns: 35618, Time: 01:15:45

Health: -3/138     AC: 24    Str: 19    XL:     16   Next: 22%
Magic:  0/17       EV: 17    Int: 17    God:    Okawaru [******]
Gold:   852        SH: 13    Dex: 19    Spells: 15/15 levels left

rFire    + . .     SeeInvis .   D - +3 scimitar (freeze)
rCold    + + .     Gourm    .   Q - +2 shield {rPois}
rNeg     + + +     Faith    +   S - +3 fire dragon scales
rPois    ∞         Spirit   +   T - +0 helmet of Modesty {Regen+ Str+2 Int+4 Dex+2}
rElec    .         Reflect  .   c - scarf {Spirit}
rCorr    .         Harm     .   L - +0 pair of gloves "Qiwap" {rC++ Str-2 Int+4}
MR       ++...                  P - +2 pair of boots {Fly}
Stlth    ++........             H - amulet of faith
HPRegen  0.73/turn              f - +4 ring of protection
MPRegen  0.15/turn              K - +4 ring of evasion

@: heroism
A: no food or potions, fire vulnerability, cold resistance 1, negative energy
resistance 3, torment resistance, unbreathing, in touch with death 1
a: Heroism, Finesse, Renounce Religion, Evoke Flight


You were on level 15 of the Dungeon.
You worshipped Okawaru.
Okawaru was exalted by your worship.
You were not hungry.

You visited 5 branches of the dungeon, and saw 25 of its levels.
You also visited: Sewer.

You collected 2246 gold pieces.
You spent 1394 gold pieces at shops.

Inventory:

Hand Weapons
 l - a +0 blowgun
 D - a +3 scimitar of freezing (weapon)
Missiles
 a - 7 needles of paralysis
 m - 117 poisoned needles
 v - 5 throwing nets (quivered)
Armour
 c - a scarf of spirit shield (worn)
 o - a +1 pair of gloves of strength
 r - the +1 scale mail "Cumud" {rC++}
   (You bought it in a shop on level 2 of the Orcish Mines)

   It greatly protects you from cold.
 L - the +0 pair of gloves "Qiwap" (worn) {rC++ Str-2 Int+4}
   (Okawaru gifted it to you on level 6 of the Lair of Beasts)

   It affects your strength (-2).
   It affects your intelligence (+4).
   It greatly protects you from cold.
 P - a +2 pair of boots of flying (worn)
 Q - a +2 shield of poison resistance (worn)
 S - +3 fire dragon scales (worn)
 T - the +0 helmet of Modesty (worn) {Regen+ Str+2 Int+4 Dex+2}
   (Okawaru gifted it to you on level 15 of the Dungeon)

   It affects your strength (+2).
   It affects your intelligence (+4).
   It affects your dexterity (+2).
   It increases your rate of regeneration.
Jewellery
 f - a +4 ring of protection (left hand)
 i - an uncursed ring of see invisible
 t - a +4 amulet of reflection
 E - an uncursed ring of ice
 G - an uncursed ring of fire
 H - an amulet of faith (around neck)
 K - a +4 ring of evasion (right hand)
 O - a +4 amulet of reflection
Wands
 s - a wand of flame (84)
 y - a wand of paralysis (8)
 B - a wand of digging (6)
 M - a wand of random effects (41)
 N - a wand of acid (12)
Scrolls
 b - a scroll of torment
 d - 14 scrolls of teleportation
 e - a scroll of immolation
 g - 8 scrolls of amnesia
 j - 7 scrolls of remove curse
 k - 2 scrolls of fog
 n - 2 scrolls of blinking
 p - 2 scrolls of enchant weapon
 u - a scroll of silence
 x - a scroll of fear
 z - a scroll of brand weapon
 A - 2 scrolls of magic mapping
Miscellaneous
 C - 2 phantom mirrors
 R - a box of beasts


   Skills:
 + Level 15.9(20.9) Fighting
 * Level 19.0(24.0) Long Blades
 + Level 3.9(8.9) Armour
 * Level 2.4(7.4) Dodging
 - Level 2.4(7.4) Shields
 - Level 2.0 Evocations


You had 15 spell levels left.
You didn't know any spells.

Dungeon Overview and Level Annotations

Branches:
Dungeon (15/15)            Temple (1/1) D:6            Lair (6/6) D:10
  Swamp (0/4) Lair:2       Spider (0/4) Lair:3        Slime (0/5) Lair:5
    Orc (2/2) D:12            Elf (0/3) Orc:2        Vaults (0/5) D:14
 Depths (1/5) D:15

Altars:
Cheibriados
Dithmenos
Elyvilon
Fedhas
Gozag
Hepliaklqana
Kikubaaqudgha
Makhleb
Nemelex Xobeh
Okawaru
Ru
Sif Muna
Trog
Uskayaw
Vehumet
Wu Jian
Xom
Yredelemnul
Zin
The Shining One
Beogh
Jiyva

Shops:
D:6 !   D:13 }   Orc:2 %}*?

Portals:
Abyss: Depths:1
Ziggurat: Depths:1

Annotations:
D:3 exclusion: oklob plant
D:11 Grum, Nergalle
D:15 the Enchantress


Innate Abilities, Weirdness & Mutations

You do not eat or drink.
Your flesh is vulnerable to fire.
You are immune to poison.
Your flesh is cold resistant. (rC+)
You are immune to negative energy. (rN+++)
You are immune to unholy pain and torment.
You can survive without breathing.
You are in touch with the powers of death.


Message History

The spriggan defender blocks your attack.
The spriggan defender is lightly wounded.
You barely miss the spriggan defender.
The spriggan defender is lightly wounded.
The spriggan defender closely misses you.
You bump into the stone wall.
The spriggan defender hits you with a demon whip of electrocution.
* * * LOW HITPOINT WARNING * * *
Unknown command.
You bump into the stone wall.
The spriggan defender hits you with a demon whip of electrocution.
* * * LOW HITPOINT WARNING * * *
The spriggan defender hits you but does no damage.
Unknown command.
You bump into the stone wall.
You feel less confused.
Your hands slow down.
The spriggan defender hits you with a demon whip of electrocution.
* * * LOW HITPOINT WARNING * * *
The spriggan defender hits you with a demon whip of electrocution!
You die...

#.# #)########.#### #.#
####...#........# # #.#
#..#.≈.#.≈.#.##.# # #.#
#..#...#...#.##.# # #.###
####.###'####..#.# # #.#.###
##.###...#...##.#.## #
#.....###..# #(≈.#.≈.......###
#!......'..###i).#............
##....###..##@###.####...#.###
##..## ##.#### ##..###.##.# #
##.# ####### #..# #.##.# # #.#
#...# #### #.##.# #.# ##'##
#.###.##.# #.# #.# #........#
#.########.# #####.####
#.##.....#.## #.#
#.##.###....## #.#


You could see a spriggan defender.

Vanquished Creatures
  Kirke (D:15)
  A ghost moth (Lair:5)
  Louise (D:15)
  5 very ugly things (D:15)
  A stone giant (Depths:1)
  An entropy weaver (shapeshifter) (D:15)
  A dire elephant (Lair:6)
  4 ettins
  3 fire dragons
  A great orb of eyes (D:15)
  A rakshasa (Depths:1)
  4 vault guards
  4 hydras
  An ice dragon (Depths:1)
  Harold (Lair:4)
  A death knight (D:15)
  3 centaur warriors
  2 catoblepae (Lair:6)
  4 ogre magi (Orc:2)
  15 two-headed ogres
  4 tengu warriors
  A deep troll shaman (Lair:6)
  7 death yaks
  2 orc high priests
  3 skeletal warriors (D:15)
  A fire crab (Lair:6)
  4 unseen horrors
  A flayed ghost (D:13)
  An orc knight (Orc:2)
  Pikel (D:4)
  A phantasmal warrior (D:15)
  A necromancer (Depths:1)
  17 ugly things
  3 orc sorcerers
  A deep elf mage (D:15)
  5 manticores
  A wolf spider (D:15)
  5 cyclopes
  3 centaur zombies
  13 elephants
  An elephant (shapeshifter) (Depths:1)
  A black mamba (Lair:3)
  Joseph (D:9)
  A gargoyle (D:14)
  10 spiny frogs
  A rime drake (Lair:6)
  6 yaktaurs (D:15)
  4 kobold demonologists
  4 komodo dragons
  2 freezing wraiths (D:13)
  A merfolk (D:15)
  A tengu conjurer (D:15)
  6 trolls
  4 polar bears
  18 blink frogs
  21 slime creatures
  7 hippogriffs
  Sigmund (D:3)
  2 spriggans (Lair:5)
  2 wraiths (D:15)
  A shadow (D:10)
  2 wyverns (Lair:3)
  A hog (D:15)
  18 yaks
  A basilisk (Lair:1)
  A hungry ghost (D:15)
  5 wargs
  2 vampire mosquitoes (D:10)
  Menkaure (D:4)
  5 swamp worms (Lair:2)
  12 water moccasins
  Duvessa (D:4)
  4 porcupines
  22 orc warriors
  A sky beast (shapeshifter) (D:14)
  5 ice beasts
  5 sky beasts
  A slave (D:5)
  5 black bears
  An eye of draining (D:13)
  2 phantoms
  A necrophage (D:12)
  31 ogres
  A boggart (D:13)
  22 wolves
  6 centaurs
  15 crocodiles
  17 bullfrogs
  2 big kobolds
  A gnoll sergeant (Orc:2)
  Dowan (D:4)
  2 wyvern skeletons
  3 scorpions
  23 killer bees
  3 wights
  3 electric eels
  2 howler monkeys
  13 hounds
  12 crimson imps
  6 jellies
  3 bullfrog zombies
  17 orc priests
  3 bullfrog skeletons
  5 centaur skeletons
  A gnoll shaman (D:10)
  4 iguanas
  25 orc wizards
  12 worker ants
  A killer bee zombie (D:9)
  2 hound skeletons (D:4)
  12 adders
  14 gnolls
  2 river rats
  2 shadow imps
  An adder zombie (D:6)
  2 adder skeletons
  2 worms
  A dart slug (D:2)
  5 leopard geckos
  85 orcs
  6 giant cockroaches
  4 goblins
  4 hobgoblins
  19 jackals
  5 quokkas
  11 bats
  4 frilled lizards
  A jackal skeleton (D:6)
  24 kobolds
  A leopard gecko skeleton (D:9)
  A leopard gecko zombie (D:6)
  10 rats
  A fungus (Lair:1)
774 creatures vanquished.

Vanquished Creatures (others)
  2 humans (D:15)
  An orc priest (Orc:2)
  An orc wizard (D:12)
  10 fungi
  7 plants (Lair:6)
21 creatures vanquished.

Grand Total: 795 creatures vanquished

Notes
Turn   | Place    | Note
-------+----------+-------------------------------------------
     0 | D:1      | Moloch the Mummy Fighter began the quest for the Orb.
     0 | D:1      | Reached XP level 1. HP: 18/18 MP: 1/1
   606 | D:1      | Reached skill level 2 in Long Blades
   626 | D:1      | Reached XP level 2. HP: 18/24 MP: 2/2
  1324 | D:2      | Reached XP level 3. HP: 18/29 MP: 3/3
  1512 | D:2      | Noticed a centaur
  1652 | D:2      | Reached skill level 3 in Long Blades
  1702 | D:2      | Found a sacrificial altar of Ru.
  1711 | D:2      | Reached XP level 4. HP: 31/36 MP: 4/4
  2074 | D:2      | Killed a centaur
  2074 | D:2      | Reached skill level 4 in Long Blades
  2074 | D:2      | Reached XP level 5. HP: 20/42 MP: 5/5
  2754 | D:3      | Found a glowing drain.
  2780 | Sewer    | Entered a sewer
  2933 | Sewer    | Reached XP level 6. HP: 43/48 MP: 6/6
  2969 | Sewer    | Reached skill level 5 in Long Blades
  3015 | Sewer    | Found a white marble altar of Elyvilon.
  3169 | D:3      | Noticed Sigmund
  3356 | D:5      | Entered Level 5 of the Dungeon
  3914 | D:4      | Noticed Menkaure
  3936 | D:4      | Killed Menkaure
  3936 | D:4      | Reached skill level 6 in Long Blades
  3936 | D:4      | Reached XP level 7. HP: 37/55 MP: 7/7
  4337 | D:4      | Noticed Duvessa
  4383 | D:4      | Noticed Dowan
  4383 | D:4      | Killed Duvessa
  4391 | D:4      | Killed Dowan
  4548 | D:4      | Reached skill level 7 in Long Blades
  4894 | D:3      | Killed Sigmund
  4894 | D:3      | Reached XP level 8. HP: 52/61 MP: 8/8
  4949 | D:3      | Found a blossoming altar of Fedhas.
  4968 | D:3      | Noticed an oklob plant
  5470 | D:5      | Noticed Pikel
  5525 | D:4      | Killed Pikel
  5525 | D:4      | Reached skill level 5 in Fighting
  5525 | D:4      | Reached skill level 8 in Long Blades
  6064 | D:6      | Reached skill level 9 in Long Blades
  6122 | D:6      | Found a staircase to the Ecumenical Temple.
  6172 | Temple   | Entered the Ecumenical Temple
  6275 | Temple   | Became a worshipper of Warmaster Okawaru
  6426 | D:6      | Reached XP level 9. HP: 56/69 MP: 9/9
  6880 | D:6      | Found Wotin's Distillery.
  7219 | D:7      | Reached * piety under Okawaru
  7307 | D:7      | Reached skill level 10 in Long Blades
  7641 | D:7      | Noticed a two-headed ogre
  7653 | D:7      | Killed a two-headed ogre
  7720 | D:7      | Reached ** piety under Okawaru
  8383 | D:8      | Reached skill level 11 in Long Blades
  8584 | D:8      | Reached XP level 10. HP: 55/77 MP: 7/10
  9910 | D:9      | Reached *** piety under Okawaru
  9967 | D:9      | Noticed Joseph
 10150 | D:9      | Killed Joseph
 10150 | D:9      | Reached skill level 12 in Long Blades
 10216 | D:9      | Noticed a two-headed ogre
 10279 | D:9      | Killed a two-headed ogre
 10698 | D:9      | Found a hide-covered altar of Uskayaw.
 11146 | D:10     | Entered Level 10 of the Dungeon
 11261 | D:10     | Reached **** piety under Okawaru
 11383 | D:10     | Reached XP level 11. HP: 58/86 MP: 11/11
 11632 | D:10     | Found a staircase to the Lair.
 12147 | D:10     | Killed an unseen horror
 12147 | D:10     | Reached skill level 13 in Long Blades
 12865 | D:10     | Found a roughly hewn altar of Beogh.
 13601 | Lair:1   | Entered Level 1 of the Lair of Beasts
 13666 | Lair:1   | Reached ***** piety under Okawaru
 14136 | Lair:1   | Noticed a seven-headed hydra
 14160 | Lair:1   | Killed a seven-headed hydra
 14747 | Lair:1   | Received a gift from Okawaru
 15064 | Lair:2   | Reached skill level 14 in Long Blades
 15589 | Lair:2   | Noticed a five-headed hydra
 15607 | Lair:2   | Killed a five-headed hydra
 15634 | Lair:2   | Noticed a death yak
 15668 | Lair:2   | Killed a death yak
 15668 | Lair:2   | Reached XP level 12. HP: 81/96 MP: 10/12
 15778 | Lair:2   | Noticed a death yak
 15779 | Lair:2   | Noticed a death yak
 15803 | Lair:2   | Noticed a death yak
 15849 | Lair:1   | Killed a death yak
 16148 | Lair:2   | Found a staircase to the Swamp.
 16675 | Lair:3   | Reached skill level 10 in Fighting
 17368 | Lair:3   | Found a hole to the Spider Nest.
 17857 | Lair:4   | Noticed Harold
 17868 | Lair:4   | Killed Harold
 17920 | Lair:4   | Reached skill level 15 in Long Blades
 19136 | Lair:5   | Noticed a six-headed hydra
 19216 | Lair:5   | Reached skill level 1 in Evocations
 19277 | Lair:5   | Noticed a five-headed hydra
 19594 | Lair:5   | Gained mutation: You are in touch with the powers of death. [Mummy growth]
 19594 | Lair:5   | Reached XP level 13. HP: 80/106 MP: 14/14
 19630 | Lair:5   | Noticed an ettin
 19630 | Lair:5   | a five-headed hydra changed into an ettin
 19646 | Lair:5   | Killed an ettin
 19646 | Lair:5   | Received a gift from Okawaru
 20425 | Lair:5   | Noticed a ghost moth
 20432 | Lair:5   | Killed a ghost moth
 20511 | Lair:5   | Found a viscous altar of Jiyva.
 20512 | Lair:5   | Found a staircase to the Slime Pits.
 20700 | Lair:6   | Entered Level 6 of the Lair of Beasts
 20700 | Lair:6   | Noticed Nessos
 20702 | Lair:6   | Noticed Nessos
 20702 | Lair:6   | Nessos changed into Nessos the manticore
 20721 | Lair:6   | Killed Nessos the manticore
 21493 | Lair:6   | Reached ****** piety under Okawaru
 21505 | Lair:6   | Reached skill level 16 in Long Blades
 21780 | Lair:6   | Found a radiant altar of Vehumet.
 22753 | Lair:6   | Received a gift from Okawaru
 22844 | Lair:6   | Got a pair of jewelled gloves {god gift}
 22855 | Lair:6   | Identified the +0 pair of gloves "Qiwap" {rC++ Str-2 Int+4} (Okawaru gifted it to you on level 6 of the Lair of Beasts)
 22883 | Lair:6   | Noticed a dire elephant
 23381 | Lair:6   | Killed a dire elephant
 23502 | Lair:6   | Got a slimy lapis lazuli ring
 23504 | Lair:6   | Identified the cursed ring "Quahom" {*Contam rN+ Int+3 Dex-2} (You found it on level 6 of the Lair of Beasts)
 24111 | D:11     | Identified a scroll of acquirement
 24268 | D:11     | Noticed Grum
 24312 | D:11     | Noticed Nergalle
 24322 | D:12     | Reached XP level 14. HP: 96/116 MP: 13/15
 24520 | D:12     | Found a basalt altar of Yredelemnul.
 24726 | D:12     | Found a staircase to the Orcish Mines.
 25261 | D:12     | Received a gift from Okawaru
 25355 | Orc:1    | Entered Level 1 of the Orcish Mines
 25735 | Orc:2    | Entered Level 2 of the Orcish Mines
 26134 | Orc:2    | Reached skill level 17 in Long Blades
 26791 | Orc:2    | Found a staircase to the Elven Halls.
 27962 | Orc:2    | Found Plog's Assorted Antiques.
 27962 | Orc:2    | Found Qifeagg's Food Emporium.
 28355 | Orc:2    | Found Bidusott's Gadget Shop.
 28355 | Orc:2    | Found Palor's Magic Scroll Shoppe.
 28477 | Orc:2    | Received a gift from Okawaru
 28488 | Orc:2    | Got an ancient long sword {god gift}
 28489 | Orc:2    | Identified the +1 long sword of Trauma {freeze, Stlth+} (Okawaru gifted it to you on level 2 of the Orcish Mines)
 28574 | Orc:2    | Bought a scroll of teleportation for 99 gold pieces
 28575 | Orc:2    | Bought a scroll of magic mapping for 56 gold pieces
 28575 | Orc:2    | Bought a scroll of torment for 120 gold pieces
 28576 | Orc:2    | Bought a wand of acid (11) for 510 gold pieces
 28578 | Orc:2    | Bought a transparent scale mail for 297 gold pieces
 28588 | Orc:2    | Identified the cursed +1 scale mail "Cumud" {rC++} (You bought it in a shop on level 2 of the Orcish Mines)
 28611 | Orc:2    | Bought 3 scrolls of teleportation for 144 gold pieces
 28611 | Orc:2    | Bought a scroll of teleportation for 48 gold pieces
 28611 | Orc:2    | Bought a scroll of enchant armour for 120 gold pieces
 29296 | D:13     | Found Eduicug's Gadget Boutique.
 29363 | D:13     | Received a gift from Okawaru
 29393 | D:13     | Identified a +0 pair of boots of running (Okawaru gifted it to you on level 13 of the Dungeon)
 29870 | D:13     | Reached XP level 15. HP: 74/127 MP: 14/16
 30395 | D:13     | Reached skill level 18 in Long Blades
 30771 | D:14     | Found a gate to the Vaults.
 31863 | D:14     | Received a gift from Okawaru
 32087 | D:15     | Entered Level 15 of the Dungeon
 32458 | D:15     | Reached skill level 15 in Fighting
 32708 | D:15     | Noticed Louise
 32729 | D:15     | Killed Louise
 33088 | D:15     | Received a gift from Okawaru
 33091 | D:15     | Got a spiked helmet {god gift}
 33103 | D:15     | Identified the +0 helmet of Modesty {Regen+ Str+2 Int+4 Dex+2} (Okawaru gifted it to you on level 15 of the Dungeon)
 33120 | D:15     | Found a staircase to the Depths.
 33537 | D:15     | Noticed Kirke
 33560 | D:15     | Killed Kirke
 33755 | D:15     | Found a deep blue altar of Sif Muna.
 34221 | Depths:1 | Entered Level 1 of the Depths
 34256 | Depths:1 | Found a gateway to a ziggurat.
 34440 | D:15     | Reached skill level 1 in Dodging
 34740 | Depths:1 | Found a one-way gate to the infinite horrors of the Abyss.
 34756 | D:15     | Reached XP level 16. HP: 131/137 MP: 17/17
 34793 | Depths:1 | Received a gift from Okawaru
 34824 | Depths:1 | Got a brightly glowing chain mail
 34835 | Depths:1 | Identified the +6 chain mail of the Crown {Int+2} (You found it on level 1 of the Depths)
 35253 | D:15     | Reached skill level 19 in Long Blades
 35444 | Depths:1 | Noticed the Enchantress
 35617 | D:15     | HP: 6/138 [spriggan defender/demon whip of electrocution[the Enchantress] (3)]
 35618 | D:15     | Slain by a spriggan defender

Skill      XL: |  1  2  3  4  5  6  7  8  9 10 11 12 13 14 15 16 |
---------------+-------------------------------------------------+-----
Long Blades    | 2 3 4 6 7 9 11 12 14 15 16 17 18 19 | 19.0
Fighting       | 4 5 6 8 9 11 12 14 15 | 15.9
Evocations     | 2 |  2.0
Dodging        | 1 2 |  2.4
Armour         | 3 |  3.9
Shields        | |  2.4

Action                   |  1- 3 |  4- 6 |  7- 9 | 10-12 | 13-15 | 16-18 || total
-------------------------+-------+-------+-------+-------+-------+-------++-------
Melee: Long sword        |   155 |   313 |   501 |   685 |       |       ||  1654
       Scimitar          |       |       |       |   496 |  1793 |   141 ||  2430
 Fire: Blowgun           |       |       |    12 |       |       |       ||    12
Invok: Heroism           |       |       |     3 |    16 |    30 |     3 ||    52
       Finesse           |       |       |       |     1 |     3 |     1 ||     5
 Abil: Stop Flying       |       |       |       |       |       |     1 ||     1
Evoke: Wand              |       |       |       |    39 |    19 |     1 ||    59
  Use: Scroll            |       |       |       |    15 |    13 |     4 ||    32
 Stab: Paralysed         |       |       |       |     6 |       |       ||     6
       Petrified         |       |       |       |       |     4 |       ||     4
       Distracted        |       |       |       |       |     1 |       ||     1
Armor: Scale mail        |    82 |   165 |   204 |    55 |   124 |       ||   630
       Plate armour      |       |       |       |   606 |   466 |       ||  1072
       Fire dragon scale |       |       |       |       |   152 |    45 ||   197
Dodge: Dodged            |    67 |    88 |   119 |   150 |   419 |    44 ||   887
Block: Shield            |    99 |   154 |   225 |   440 |   703 |    65 ||  1686
       Rpst.: Long sword |    15 |    27 |    27 |    26 |       |       ||    95
       Scimitar          |       |       |       |    14 |    97 |     9 ||   120
